 Dungeon Crawl Stone Soup version 0.27.1-1-g398f81649c (webtiles) character file.

Game seed: 8438621352382698596

3336 Rickety the Covert (level 9, -1/42 HPs)
             Began as a Spriggan Enchanter on Sept 16, 2021.
             Was a Follower of Dithmenos.
             Slain by a sixfirhy (11 damage)
             ... summoned by a kobold demonologist
             ... on level 8 of the Dungeon.
             The game lasted 00:19:49 (7508 turns).

Rickety the Covert (Spriggan Enchanter)             Turns: 7508, Time: 00:19:49

Health: -1/42      AC:  5    Str:  4    XL:     9   Next: 72%
Magic:  3/20       EV: 20    Int: 16    God:    Dithmenos [*.....]
Gold:   387        SH:  0    Dex: 19    Spells: 7/21 levels left

rFire    . . .     SeeInvis +   a - +1 dagger (drain)
rCold    . . .     Faith    .   (shield restricted)
rNeg     . . .     Spirit   .   C - +0 robe
rPois    +         Reflect  .   (helmet restricted)
rElec    .         Harm     .   v - +2 cloak {rPois}
rCorr    .         Rampage  .   (gloves unavailable)
Will     ++...                  (boots unavailable)
Stlth    +++++++...             (no amulet)
HPRegen  0.14/turn              A - ring of willpower
MPRegen  0.17/turn              (no ring)

@: wreathed by umbra, very quick
A: very small, no large weapons, unfitting armour, see invisible, speed 3
a: Renounce Religion


You were on level 8 of the Dungeon.
You worshipped Dithmenos.
Dithmenos was aware of your devotion.
You visited 2 branches of the dungeon, and saw 9 of its levels.

You collected 387 gold pieces.

Inventory:

Hand Weapons
 a - a +1 dagger of draining (weapon)
 b - a +1 short sword of protection
 t - a +1 dagger
 D - a +3 scimitar of flaming
Missiles
 i - 85 poisoned darts
 s - 4 atropa-tipped darts
 w - 7 datura-tipped darts
Armour
 m - the +4 robe "Cymi Doe" {Harm Regen+}
   (You found it on level 6 of the Dungeon)

   Regen:     It increases your rate of health regeneration.
   Harm:      It increases damage dealt and taken.
 v - a +2 cloak of poison resistance (worn)
 C - a +0 robe (worn)
Jewellery
 l - an amulet of faith
 A - a ring of willpower (left hand)
Wands
 k - a wand of digging (7)
 q - a wand of flame (24)
 r - a wand of iceblast (7)
Scrolls
 c - 3 scrolls of noise {unknown}
 e - 3 scrolls of teleportation {unknown}
 f - 5 scrolls of identify {unknown}
 h - a scroll of enchant weapon {unknown}
 p - a scroll of amnesia {unknown}
 u - 2 scrolls of vulnerability {unknown}
 x - a scroll of silence {unknown}
 y - a scroll of fog {unknown}
 B - a scroll of blinking {unknown}
Potions
 d - a potion of lignification {unknown}
 g - a potion of mutation {unknown}
 j - 4 potions of curing {unknown}
 n - 3 potions of degeneration {unknown}
 o - a potion of might {unknown}
 z - a potion of haste


   Skills:
 * Level 2.0 Fighting
 * Level 4.3 Short Blades
 * Level 5.2 Dodging
 * Level 13.3 Stealth
 * Level 6.8 Spellcasting
 * Level 1.7 Conjurations
 * Level 7.0 Hexes
 - Level 2.0 Transmutations
 * Level 1.9 Earth Magic
 * Level 2.2 Invocations
 * Level 3.1 Evocations


You had 7 spell levels left.
You knew the following spells:

 Your Spells              Type           Power      Damage    Failure   Level
a - Corona                Hex            30%        N/A       1%          1
b - Ensorcelled Hibernat  Hex/Ice        32%        N/A       4%          2
c - Confusing Touch       Hex            27%        N/A       2%          3
d - Dazzling Flash        Conj/Hex       38%        N/A       6%          3
t - Tukima's Dance        Hex            27%        N/A       2%          3
w - Passwall              Tmut/Erth      9%         N/A       9%          2

Your spell library contained the following spells:

 Spells                   Type           Power      Damage    Failure   Level
 Shock                    Conj/Air       32%        1d5       9%          1
 Animate Skeleton         Necr           10%        N/A       13%         1
 Pain                     Necr           20%        1d5       13%         1
 Static Discharge         Conj/Air       8%         N/A       14%         2
 Ozocubu's Armour         Ice            5%         N/A       36%         3
 Swiftness                Air            5%         N/A       36%         3
 Vampiric Draining        Necr           2%         2d6       36%         3
 Metabolic Englaciation   Hex/Ice        8%         N/A       63%         5
 Sticky Flame             Conj/Fire      8%         2d3       65%         4
 Invisibility             Hex            13%        N/A       73%         6
 Airstrike                Air            2%         N/A       77%         4
 Dispel Undead            Necr           5%         3d7       77%         4
 Simulacrum               Ice/Necr       2%         N/A       100%        6


Dungeon Overview and Level Annotations

Branches:
Dungeon (8/15)             Temple (1/1) D:5
   Lair: D:8-11

Altars:
Ashenzari
Dithmenos
Elyvilon
Gozag
Makhleb
Nemelex Xobeh
Qazlal
Ru
Trog
Uskayaw
Vehumet
Yredelemnul
Zin

Shops:
D:6 *


Innate Abilities, Weirdness & Mutations

You are very small and have problems with some larger weapons.
You are too small for most types of armour.
You have supernaturally acute eyesight. (SInv)
You cover ground extremely quickly. (Speed+++)


Message History

The quasit bites your +0 dagger.
The quasit claws your +0 dagger. x2
Your +0 dagger falls from the air.
Your +0 dagger hits the kobold.
The kobold dies!
Dithmenos accepts your kill. The kobold closely misses you.
Your +0 whip hits the kobold.
The kobold dies!
Dithmenos accepts your kill.
You hit the kobold demonologist but do no damage.
Your +0 dagger falls from the air.
Your +0 dagger misses the kobold demonologist.
The kobold demonologist mumbles some strange words.
You hit the kobold demonologist.
The kobold demonologist is lightly wounded.
The quasit closely misses you. The quasit completely misses you.
The quasit misses you.
Your +0 dagger hits the kobold demonologist.
The kobold demonologist miscasts a cantrip.
You hit the kobold demonologist.
The kobold demonologist is moderately wounded.
The sixfirhy hits you but does no damage.
The sixfirhy hits you. The sixfirhy shocks you!
The sixfirhy completely misses you. The quasit completely misses you.
The quasit barely misses you. The quasit completely misses you.
Your +0 whip hits the kobold demonologist.
You hit the kobold demonologist.
The kobold demonologist is moderately wounded.
The sixfirhy completely misses you.
The sixfirhy hits you but does no damage.
Your +0 dagger hits the kobold demonologist.
The kobold demonologist barely misses you.
The sixfirhy hits you. The sixfirhy shocks you! The quasit closely misses you.
The quasit misses you. The quasit completely misses you.
Your +0 whip misses the kobold demonologist.
Your +0 dagger falls from the air.
Your +0 whip falls from the air.
There is a stone staircase leading up here.
The sixfirhy hits you.
* * * LOW HITPOINT WARNING * * *
The sixfirhy shocks you!
You die...

...###########
.............#
........)....#
........)....+
....?..))))..#
#####.5.(...#
#..K.####
#.3#.# #.@#.#
##.#.. ..####
#..# ...#
.#o.. ..... #
###.


You could see a kobold demonologist, a sixfirhy (summoned), a quasit (summoned)
and an orc (asleep).

Vanquished Creatures
  Erica (D:8)
  Grinder (D:4)
  A wraith (D:7)
  A water moccasin (D:7)
  An ice beast (D:6)
  2 sky beasts
  A black bear (D:5)
  A necrophage (D:7)
  3 ogres
  A centaur (D:6)
  4 kobold brigands
  A gnoll sergeant (D:6)
  2 scorpions
  3 wights (D:8)
  A howler monkey (D:7)
  2 bullfrog zombies
  2 centaur zombies
  2 centaur skeletons (D:7)
  A bullfrog skeleton (D:7)
  An orc priest (D:5)
  3 hounds
  Jessica (D:2)
  Natasha (thrice) (D:2)
  7 orc wizards
  A scorpion zombie (D:5)
  Terence (D:2)
  2 hound skeletons (D:4)
  2 gnolls (D:6)
  7 adders
  2 adder skeletons (D:4)
  8 worms
  2 dart slugs
  6 orcs
  5 endoplasms
  5 giant cockroaches
  3 goblins
  5 hobgoblins
  7 ball pythons
  5 bats
  5 frilled lizards
  12 kobolds
  5 rats
129 creatures vanquished.

Vanquished Creatures (collateral kills)
  An orc wizard (D:8)
  A gnoll (D:6)
  2 orcs
  6 kobolds (D:8)
10 creatures vanquished.

Vanquished Creatures (others)
  7 dancing weapons
  An ogre (D:5)
  An orc priest (D:5)
  2 orcs (D:5)
  A kobold (D:7)
  A plant (D:5)
13 creatures vanquished.

Grand Total: 152 creatures vanquished

Notes
Turn   | Place    | Note
-------+----------+-------------------------------------------
     0 | D:1      | Rickety the Spriggan Enchanter began the quest for the Orb.
     0 | D:1      | Reached XP level 1. HP: 9/9 MP: 5/5
   582 | D:1      | Reached XP level 2. HP: 13/13 MP: 4/6
   940 | D:1      | Reached skill level 5 in Stealth
   943 | D:1      | Learned a level 2 spell: Ensorcelled Hibernation
  1559 | D:2      | Found a faded altar of an unknown god.
  1642 | D:2      | Reached XP level 3. HP: 16/16 MP: 8/8
  1649 | D:2      | Learned a level 3 spell: Confusing Touch
  1743 | D:2      | Noticed Natasha
  1749 | D:2      | Killed Natasha
  1750 | D:2      | Reached skill level 6 in Stealth
  1815 | D:2      | Noticed Terence
  1826 | D:2      | Killed Terence
  1827 | D:2      | Reached XP level 4. HP: 11/21 MP: 2/9
  1873 | D:2      | Noticed Natasha
  2301 | D:2      | Reached skill level 7 in Stealth
  2307 | D:2      | Learned a level 3 spell: Tukima's Dance
  2475 | D:2      | Noticed Jessica
  2480 | D:2      | Killed Jessica
  2574 | D:2      | Killed Natasha
  2575 | D:2      | Reached XP level 5. HP: 24/24 MP: 5/10
  3506 | D:3      | Reached skill level 8 in Stealth
  3701 | D:2      | Noticed Natasha
  3709 | D:2      | Killed Natasha
  3807 | D:4      | Reached XP level 6. HP: 28/28 MP: 12/12
  3859 | D:4      | Noticed Grinder
  3916 | D:4      | Learned a level 3 spell: Dazzling Flash
  3990 | D:4      | Noticed a sky beast
  4053 | D:4      | Killed a sky beast
  4054 | D:4      | Reached skill level 9 in Stealth
  4259 | D:4      | Killed Grinder
  4260 | D:4      | Reached skill level 10 in Stealth
  4260 | D:4      | Reached skill level 5 in Hexes
  4260 | D:4      | Reached XP level 7. HP: 32/32 MP: 5/14
  4686 | D:5      | Entered Level 5 of the Dungeon
  4944 | D:5      | Found a staircase to the Ecumenical Temple.
  4952 | Temple   | Entered the Ecumenical Temple
  4957 | Temple   | Became a worshipper of Dithmenos the Shadowed
  5047 | D:5      | Reached skill level 11 in Stealth
  5131 | D:5      | Reached XP level 8. HP: 37/37 MP: 16/16
  5148 | D:5      | Reached skill level 5 in Spellcasting
  5287 | D:5      | Reached skill level 12 in Stealth
  5745 | D:6      | Identified the +4 robe "Cymi Doe" {Harm Regen+}
  5778 | D:6      | Found Wyibily's Gadget Gallery.
  5804 | D:6      | Reached skill level 1 in Fighting
  5810 | D:6      | Reached skill level 1 in Evocations
  6016 | D:6      | Reached skill level 1 in Invocations
  6031 | D:6      | Learned a level 2 spell: Passwall
  6500 | D:7      | Reached skill level 1 in Conjurations
  6500 | D:7      | Reached XP level 9. HP: 41/41 MP: 17/19
  6536 | D:7      | Reached skill level 1 in Transmutations
  6622 | D:7      | Reached * piety under Dithmenos
  7109 | D:8      | Reached skill level 1 in Earth Magic
  7186 | D:8      | Noticed Erica
  7191 | D:8      | Killed Erica
  7192 | D:8      | Reached skill level 5 in Dodging
  7192 | D:8      | Reached skill level 13 in Stealth
  7482 | D:8      | Noticed a kobold demonologist
  7501 | D:8      | Noticed a sixfirhy
  7508 | D:8      | Slain by a sixfirhy

Illustrated notes

Levels and vault maps discovered:
D:1:      dpeg_arrival_radiant, layout_loops_ring, minmay_misc_feat_roman,
          minmay_cut_off
D:2:      layout_basic, basic_ecumenical_altar, minmay_pentomino_t4,
          uniq_natasha, uniq_jessica, uniq_terence
D:3:      layout_rooms, cheibrodos_sewer_entry_bend
D:4:      layout_basic, uniq_grinder
D:5:      lemuel_ice_spiral_2, layout_basic, minmay_temple_entry_gardened_gates
D:6:      layout_rooms, nicolae_shop_gadgets
D:7:      layout_cave_pools, serial_park_tiny_1
D:8:      minmay_statue_hallways, layout_basic, uniq_erica
Temple:   cyrus_circular_temple

Skill      XL: |  1  2  3  4  5  6  7  8  9 |
---------------+----------------------------+-----
Dodging        | 3 4 5 |  5.2
Hexes          | 4 5 6 7 |  7.0
Stealth        | 5 6 7 8 10 11 12 13 | 13.3
Spellcasting   | 3 4 6 |  6.8
Short Blades   | 2 3 4 |  4.3
Fighting       | 1 2 |  2.0
Evocations     | 1 3 |  3.1
Invocations    | 1 2 |  2.2
Conjurations   | 1 |  1.7
Transmutations | 2 |  2.0
Earth Magic    | 1 |  1.9

Action                   |  1- 3 |  4- 6 |  7- 9 || total
-------------------------+-------+-------+-------++-------
Melee: Dagger            |    82 |   134 |   118 ||   334
 Cast: Corona            |    11 |       |       ||    11
       Ensorcelled Hiber |     6 |    34 |    33 ||    73
       Confusing Touch   |       |     5 |     7 ||    12
       Tukima's Dance    |       |     2 |    20 ||    22
       Dazzling Flash    |       |       |     5 ||     5
 Stab: Sleeping          |    16 |    29 |    38 ||    83
       Distracted        |     1 |     1 |       ||     2
       Confused          |       |     4 |     7 ||    11
       Invisible         |       |       |     4 ||     4
Armor: Robe              |     9 |    11 |    14 ||    34
Dodge: Dodged            |    56 |   128 |   146 ||   330
